 Dungeon Crawl Stone Soup version 0.16-a0-2844-g9b01c91 (console) character file.

983 nht the Martial Artist (level 8, -1/54 HPs)
             Began as a Merfolk Transmuter on Nov 29, 2014.
             Slain by Menkaure (15 damage)
             ... on level 4 of the Dungeon.
             The game lasted 00:07:21 (3671 turns).

nht the Martial Artist (Merfolk Transmuter)         Turns: 3671, Time: 00:07:22

Health: -1/54      AC:  2    Str: 10    XL:     8   Next: 17%
Magic:  10/13      EV: 21    Int: 14    God:
Gold:   26         SH:  0    Dex: 20    Spells: 2 memorised, 7 levels left

rFire  . . .     SeeInvis .       - Unarmed
rCold  . . .     Clarity  .     c - melded +0 robe
rNeg   . . .     SustAb   .     (shield currently unavailable)
rPois  x         Gourm    .     m - melded +0 helmet
rElec  .         Spirit   .     r - melded +0 cloak
rCorr  .         Warding  .     (gloves currently unavailable)
rMut   .         Stasis   .     (boots currently unavailable)
MR     .....                    (no amulet)
Stlth  ++........               (no ring)
                                (no ring)

@: spider-form, not resistant to hostile enchantments, unstealthy
A: (change form in water), (swift swim), (shaggy fur 0)
a: End Transformation


You were on level 4 of the Dungeon.
You were not hungry.
You were a venomous arachnid creature.
You visited 1 branch of the dungeon, and saw 4 of its levels.

You collected 138 gold pieces.
You spent 112 gold pieces at shops.

Inventory:

Missiles
 a - 28 arrows
Armour
 c - a +0 robe (melded)
 m - a +0 helmet (melded)
 r - a +0 cloak (melded)
Scrolls
 e - a scroll of teleportation {unknown}
 h - a scroll of magic mapping {unknown}
 i - 3 scrolls of identify {unknown}
 j - a scroll of immolation {unknown}
 o - a scroll of enchant weapon {unknown}
 t - a scroll of amnesia {unknown}
 u - a scroll of fear {unknown}
Potions
 f - a potion of curing
 n - a potion of cancellation {unknown}
 q - a potion of haste
 v - 2 potions of magic {unknown}
Books
 d - a book of Changes

   Spells                             Type                      Level
   a - Beastly Appendage              Transmutation                1
   b - Sticks to Snakes               Transmutation                2
   c - Spider Form                    Transmutation/Poison         3
   d - Ice Form                       Ice/Transmutation            4
   e - Blade Hands                    Transmutation                5
 p - a book of Ice

   Spells                             Type                      Level
   a - Ice Form                       Ice/Transmutation            4
   b - Metabolic Englaciation         Hexes/Ice                    5
   c - Ozocubu's Refrigeration        Ice                          6
   d - Bolt of Cold                   Conjuration/Ice              6
   e - Freezing Cloud                 Conjuration/Ice/Air          6
   f - Simulacrum                     Ice/Necromancy               6
Comestibles
 b - 3 bread rations
 g - a slice of pizza
 k - a beef jerky
 s - 2 meat rations


   Skills:
 - Level 1.1 Fighting
 - Level 2.6 Dodging
 * Level 8.8 Unarmed Combat
 - Level 2.0 Spellcasting
 + Level 7.5 Transmutations


You had 7 spell levels left.
You knew the following spells:

 Your Spells              Type           Power        Failure   Level  Hunger
a - Beastly Appendage     Trmt           ###...       4%          1    ##.....
b - Spider Form           Trmt/Pois      ##........   36%         3    ####...


Dungeon Overview and Level Annotations

Branches:
Dungeon (4/15)
 Temple: D:4-7

Altars:
Makhleb
Vehumet
Xom

Shops:
D:4 !

Annotations:
D:2 runed door
D:4 Menkaure


Innate Abilities, Weirdness & Mutations

((You revert to your normal form in water.))
((You are very nimble and swift while swimming.))
((You are covered in fur (AC +1).))


Message History

Current Action: za Do you wish to (r)edefine, (c)lear, or (a)bort?
Input macro action: zb Created macro '\{-265}' => 'zb'.
Casting: Beastly Appendage
Confirm with . or Enter, or press ? or * to list all spells.
You turn into a venomous arachnid creature.
Your +0 cloak melds into your body.
Your +0 helmet melds into your body.
Your +0 robe melds into your body.
Menkaure gestures ominously.
Menkaure calls on the powers of darkness!
Your body is wracked with pain!
You hit Menkaure but do no damage.
Menkaure is heavily damaged.
Menkaure hits you!
* * * LOW HITPOINT WARNING * * *
You hit Menkaure but do no damage.
Menkaure is heavily damaged.
Menkaure hits you!
You die... █.. ...█ █)███████████

█.█ █.█████.).........█ █.█
█....██..███.██.... █.█
█.....[..█ █.██.█.. █.█
█.██.██..███....███
██.█████............████
█.........█.████..███
█..██████.█.██....██ █..█
█.█.██.█...█ █..█
█M█.██.███.█ █
███..██████s█.██.█ █.█ █
█.............██.███.█ █
█.████████..███...██.███████
█.█ █.██ █............. █.█
█.█ █.[.██.███████ █.█ █.█
██.███.█ █ ██████.███ █.█
█.█ █.█ ███
.........██████.█ █.█ █.█
█.. █████...........█ █.█
█.█ ██.█
█......███████████.█
█.████...
█.<...............[█
█.......█


You could see Menkaure.

Vanquished Creatures
  Pikel (D:4)
  A slave (D:4)
  Sigmund (D:4)
  An orc priest (D:4)
  2 jellies (D:2)
  3 orc wizards (D:4)
  3 worker ants (D:4)
  Ijyb (D:2)
  Jessica (D:2)
  6 adders
  4 giant mites
  2 adder skeletons (D:4)
  2 giant geckos
  11 orcs
  7 bats
  10 hobgoblins
  10 kobolds
  2 quokkas (D:2)
  A sheep (D:2)
  A ball python (D:1)
  4 giant cockroaches
  A giant gecko skeleton (D:4)
  2 giant newts (D:2)
  10 goblins
  4 jackals (D:2)
  8 rats
99 creatures vanquished.

Vanquished Creatures (others)
  2 slaves (D:4)
  An adder (D:4)
  An orc (D:4)
  A hobgoblin (D:4)
  A quokka (D:4)
  A goblin (D:4)
7 creatures vanquished.

Grand Total: 106 creatures vanquished

Notes
Turn   | Place    | Note
--------------------------------------------------------------
     0 | D:1      | nht, the Merfolk Transmuter, began the quest for the Orb.
     0 | D:1      | Reached XP level 1. HP: 15/15 MP: 3/3
   183 | D:1      | Reached XP level 2. HP: 15/21 MP: 2/4
   398 | D:1      | Reached skill level 4 in Unarmed Combat
  1074 | D:2      | Reached XP level 3. HP: 18/26 MP: 4/6
  1084 | D:2      | Found a runed door.
  1084 | D:2      | Found a runed door.
  1086 | D:2      | Found a runed door.
  1124 | D:2      | Noticed Jessica
  1136 | D:2      | Killed Jessica
  1136 | D:2      | Reached XP level 4. HP: 17/32 MP: 7/7
  1197 | D:2      | Reached skill level 5 in Unarmed Combat
  1238 | D:2      | Found a shimmering altar of Xom.
  1239 | D:2      | Found a runed door.
  1240 | D:2      | Found a runed door.
  1325 | D:2      | Noticed Ijyb
  1340 | D:2      | Killed Ijyb
  1577 | D:2      | Found a runed door.
  1592 | D:2      | Found a radiant altar of Vehumet.
  1681 | D:2      | Learned a level 3 spell: Spider Form
  1848 | D:2      | Gained mutation: You are covered in fur (AC +1). [potion of beneficial mutation]
  1853 | D:2      | Reached XP level 5. HP: 30/37 MP: 9/9
  1990 | D:3      | Found a burning altar of Makhleb.
  1990 | D:3      | Noticed a green death
  1993 | D:3      | Noticed an orange demon
  1993 | D:3      | Noticed an orange demon
  2075 | D:3      | is anyone else seeing that glitch
  2143 | D:3      | Reached skill level 6 in Unarmed Combat
  2188 | D:3      | Reached skill level 5 in Transmutations
  2198 | D:3      | Reached XP level 6. HP: 20/43 MP: 6/10
  2817 | D:4      | Noticed Pikel
  2836 | D:4      | Killed Pikel
  2836 | D:4      | Reached skill level 8 in Unarmed Combat
  2836 | D:4      | Reached XP level 7. HP: 13/48 MP: 10/12
  3133 | D:4      | Noticed Sigmund
  3151 | D:4      | Killed Sigmund
  3151 | D:4      | Reached XP level 8. HP: 18/54 MP: 11/13
  3346 | D:4      | Found Egaz's Distillery.
  3363 | D:4      | Bought a potion of degeneration for 14 gold pieces
  3363 | D:4      | Bought 2 potions of confusion for 28 gold pieces
  3363 | D:4      | Bought 2 potions of mutation for 70 gold pieces
  3664 | D:4      | Noticed Menkaure
  3671 | D:4      | Slain by Menkaure

Action                   |  1- 3 |  4- 6 |  7- 9 || total
-------------------------+-------+-------+-------++-------
Melee: Unarmed           |    89 |   201 |    68 ||   358
 Cast: Beastly Appendage |    20 |     9 |       ||    29
       Spider Form       |       |     5 |     5 ||    10
  Use: Potion            |     1 |     3 |       ||     4
 Stab: Sleeping          |     1 |       |       ||     1
  Eat: Chunk             |     1 |     7 |     3 ||    11
